[ AOE2 MATCH · #507157386 ]
UnrankedRomans vs Berbers
Player's team · WIN
Rival team · LOSS
[ REPLAY ANALYSIS · EXTRACTED FROM THE RECORDED GAME ]
Feudal
10:10
Castle
22:20
Imperial
39:52
| APM avg | 65.0 |
| APM peak | 89 |
| eAPM avg | 28.3 |
| Villagers / military | 147 / 85 |
Focus
⚔️ 29.8% · 🌾 70.2%
Militia ×41 · Skirmisher ×28 · Monk ×6 · Spearman ×5 · Centurion ×5
Feudal
9:16
Castle
20:44
Imperial
39:48
| APM avg | 64.8 |
| APM peak | 100 |
| eAPM avg | 28.0 |
| Villagers / military | 120 / 101 |
Focus
⚔️ 36.6% · 🌾 63.4%
Knight ×37 · Camel Archer ×32 · Archer ×24 · Monk ×3 · Scout Cavalry ×3 · Mangonel ×1
Match map
Initial resources + every placement click. Lines = walls · curves = elevation contours. ◆ gold · ⬟ stone · ● berries · ✦ relic · ◌ wall gap
Your base· ✓ Closed at 22:20 · 41t walls · 1 gate(s)
Nobody's base· Open — 4t gap
Smoothed initial terrain · ◌ = detected wall gap · hover for details
Inputs per minute
— _TieuQuy - - Nobody
Build order — _TieuQuy
First 150 of 357 actions detected
| 0:01 | Queue | Villager (Male) |
| 0:01 | Queue | Villager (Male) |
| 0:02 | Build | House |
| 0:03 | Build | House |
| 0:08 | Queue | Villager (Male) |
| 0:08 | Queue | Villager (Male) |
| 1:23 | Queue | Villager (Male) |
| 1:24 | Queue | Villager (Male) |
| 1:49 | Build | Lumber Camp |
| 2:01 | Queue | Villager (Male) |
| 2:01 | Queue | Villager (Male) |
| 2:13 | Queue | Villager (Male) |
| 2:13 | Queue | Villager (Male) |
| 2:14 | Queue | Villager (Male) |
| 2:47 | Queue | Villager (Male) |
| 2:48 | Queue | Villager (Male) |
| 2:57 | Queue | Villager (Male) |
| 3:25 | Build | House |
| 3:35 | Queue | Villager (Male) |
| 3:36 | Queue | Villager (Male) |
| 3:46 | Queue | Villager (Male) |
| 3:46 | Queue | Villager (Male) |
| 4:15 | Queue | Villager (Male) |
| 4:15 | Queue | Villager (Male) |
| 4:33 | Build | Barracks |
| 4:42 | Queue | Villager (Male) |
| 5:18 | Queue | Villager (Male) |
| 5:25 | Build | House |
| 5:29 | Queue | Militia |
| 5:29 | Queue | Militia |
| 5:29 | Queue | Militia |
| 5:35 | Queue | Villager (Male) |
| 5:58 | Build | Mill |
| 6:05 | Queue | Villager (Male) |
| 6:22 | Queue | Villager (Male) |
| 6:22 | Queue | Villager (Male) |
| 6:50 | Research | Loom |
| 6:50 | Research | Loom |
| 7:08 | Queue | Villager (Male) |
| 7:57 | Research | Feudal Age |
| 7:57 | Research | Feudal Age |
| 8:23 | Queue | Militia |
| 8:26 | Build | Mining Camp |
| 8:37 | Build | House |
| 9:03 | Build | Mill |
| 9:11 | Queue | Militia |
| 9:41 | Build | House |
| 10:10 | Age | Feudal Age |
| 10:11 | Queue | Villager (Male) |
| 10:12 | Research | Man-at-Arms (upgrade) |
| 10:13 | Research | Man-at-Arms (upgrade) |
| 10:17 | Build | Blacksmith |
| 10:23 | Queue | Villager (Male) |
| 10:40 | Build | Lumber Camp |
| 10:46 | Build | House |
| 10:47 | Queue | Villager (Male) |
| 11:05 | Research | Scale Mail Armor |
| 11:05 | Research | Scale Mail Armor |
| 11:05 | Research | Scale Mail Armor |
| 11:10 | Research | Horse Collar |
| 11:10 | Research | Horse Collar |
| 11:11 | Research | Horse Collar |
| 11:12 | Queue | Villager (Male) |
| 11:12 | Queue | Villager (Male) |
| 11:29 | Build | House |
| 11:41 | Build | Farm |
| 11:43 | Research | Double-Bit Axe |
| 11:43 | Research | Double-Bit Axe |
| 12:05 | Queue | Villager (Male) |
| 12:07 | Build | Farm |
| 12:09 | Build | House |
| 12:24 | Build | Farm |
| 12:29 | Queue | Villager (Male) |
| 12:31 | Build | Farm |
| 12:55 | Queue | Villager (Male) |
| 12:56 | Build | Farm |
| 12:57 | Queue | Villager (Male) |
| 13:00 | Build | Palisade Wall |
| 13:34 | Build | Archery Range |
| 13:38 | Queue | Villager (Male) |
| 13:57 | Build | Farm |
| 14:00 | Build | House |
| 14:01 | Build | Palisade Wall |
| 14:02 | Build | Palisade Wall |
| 14:07 | Queue | Villager (Male) |
| 14:14 | Build | Palisade Gate |
| 14:25 | Build | Farm |
| 14:32 | Queue | Skirmisher |
| 14:36 | Research | Fletching |
| 14:37 | Queue | Skirmisher |
| 14:40 | Queue | Villager (Male) |
| 14:45 | Build | Palisade Wall |
| 14:52 | Research | Padded Archer Armor |
| 14:52 | Research | Padded Archer Armor |
| 14:54 | Build | Farm |
| 14:54 | Queue | Villager (Male) |
| 15:00 | Build | Palisade Wall |
| 15:04 | Queue | Skirmisher |
| 15:14 | Queue | Villager (Male) |
| 15:17 | Build | Farm |
| 15:31 | Build | Farm |
| 15:33 | Queue | Villager (Male) |
| 15:39 | Queue | Militia |
| 15:40 | Queue | Skirmisher |
| 15:41 | Queue | Villager (Male) |
| 15:48 | Build | House |
| 15:56 | Build | Farm |
| 16:00 | Build | Farm |
| 16:00 | Queue | Villager (Male) |
| 16:13 | Queue | Skirmisher |
| 16:18 | Queue | Villager (Male) |
| 16:19 | Build | Farm |
| 16:44 | Build | Farm |
| 16:56 | Queue | Skirmisher |
| 17:07 | Queue | Skirmisher |
| 17:08 | Queue | Villager (Male) |
| 17:09 | Build | Farm |
| 17:23 | Queue | Villager (Male) |
| 17:42 | Build | Farm |
| 17:57 | Build | Farm |
| 18:02 | Queue | Skirmisher |
| 18:08 | Queue | Villager (Male) |
| 18:10 | Build | Farm |
| 18:23 | Build | Farm |
| 19:02 | Queue | Villager (Male) |
| 19:05 | Build | Farm |
| 19:07 | Build | Farm |
| 19:40 | Research | Castle Age |
| 19:40 | Research | Castle Age |
| 19:44 | Queue | Skirmisher |
| 20:11 | Queue | Militia |
| 20:17 | Queue | Skirmisher |
| 20:26 | Research | Gold Mining |
| 20:27 | Research | Gold Mining |
| 20:27 | Research | Gold Mining |
| 20:34 | Queue | Skirmisher |
| 20:48 | Build | House |
| 20:49 | Build | House |
| 20:50 | Build | House |
| 21:04 | Build | Watch Tower |
| 21:24 | Build | Market |
| 21:35 | Queue | Skirmisher |
| 21:41 | Build | Market |
| 21:44 | Build | House |
| 21:48 | Build | House |
| 22:09 | Queue | Villager (Male) |
| 22:20 | Age | Castle Age |
| 22:22 | Research | Elite Skirmisher (upgrade) |
| 22:22 | Research | Bodkin Arrow |
| 22:23 | Research | Bodkin Arrow |
Build order — Nobody
First 150 of 378 actions detected
| 0:00 | Queue | Villager (Male) |
| 0:01 | Queue | Villager (Male) |
| 0:02 | Build | House |
| 0:03 | Build | House |
| 0:05 | Queue | Villager (Male) |
| 0:05 | Queue | Villager (Male) |
| 1:27 | Queue | Villager (Male) |
| 1:27 | Queue | Villager (Male) |
| 2:01 | Queue | Villager (Male) |
| 2:01 | Queue | Villager (Male) |
| 2:23 | Queue | Villager (Male) |
| 2:24 | Queue | Villager (Male) |
| 2:25 | Build | Lumber Camp |
| 2:46 | Queue | Villager (Male) |
| 3:02 | Build | House |
| 3:10 | Queue | Villager (Male) |
| 3:10 | Queue | Villager (Male) |
| 3:13 | Queue | Villager (Male) |
| 3:33 | Queue | Villager (Male) |
| 3:35 | Build | House |
| 4:08 | Build | Palisade Wall |
| 4:19 | Queue | Villager (Male) |
| 4:55 | Queue | Villager (Male) |
| 5:04 | Build | Palisade Wall |
| 5:14 | Queue | Villager (Male) |
| 5:38 | Build | Mill |
| 5:45 | Queue | Villager (Male) |
| 6:16 | Queue | Villager (Male) |
| 6:31 | Research | Loom |
| 6:54 | Build | Palisade Wall |
| 7:04 | Research | Feudal Age |
| 7:04 | Research | Feudal Age |
| 7:04 | Research | Feudal Age |
| 7:04 | Research | Feudal Age |
| 7:04 | Research | Feudal Age |
| 7:24 | Build | Palisade Wall |
| 8:07 | Build | Barracks |
| 8:47 | Build | House |
| 9:16 | Age | Feudal Age |
| 9:19 | Queue | Villager (Male) |
| 9:20 | Queue | Spearman |
| 9:21 | Research | Double-Bit Axe |
| 9:21 | Research | Double-Bit Axe |
| 9:21 | Research | Double-Bit Axe |
| 9:28 | Build | Archery Range |
| 9:38 | Queue | Villager (Male) |
| 10:05 | Queue | Archer |
| 10:08 | Queue | Villager (Male) |
| 10:09 | Build | House |
| 10:12 | Queue | Villager (Male) |
| 10:16 | Build | Palisade Wall |
| 10:17 | Build | Palisade Wall |
| 10:19 | Build | House |
| 10:22 | Queue | Villager (Male) |
| 10:38 | Build | Mining Camp |
| 10:42 | Build | House |
| 10:44 | Queue | Villager (Male) |
| 10:56 | Build | Palisade Wall |
| 10:57 | Queue | Villager (Male) |
| 11:02 | Build | Farm |
| 11:20 | Queue | Villager (Male) |
| 11:22 | Build | Farm |
| 11:22 | Queue | Villager (Male) |
| 11:43 | Queue | Villager (Male) |
| 11:46 | Build | House |
| 11:47 | Queue | Archer |
| 11:47 | Queue | Archer |
| 11:53 | Queue | Villager (Male) |
| 12:04 | Build | Farm |
| 12:08 | Queue | Archer |
| 12:19 | Build | Farm |
| 12:22 | Queue | Archer |
| 12:45 | Build | Lumber Camp |
| 12:46 | Queue | Villager (Male) |
| 12:55 | Queue | Archer |
| 12:59 | Queue | Archer |
| 13:30 | Build | Blacksmith |
| 13:34 | Queue | Archer |
| 13:57 | Queue | Villager (Male) |
| 14:02 | Build | Farm |
| 14:03 | Build | Farm |
| 14:03 | Queue | Archer |
| 14:07 | Queue | Archer |
| 14:09 | Queue | Villager (Male) |
| 14:23 | Build | Farm |
| 14:27 | Build | Mill |
| 14:28 | Queue | Villager (Male) |
| 14:34 | Research | Fletching |
| 14:34 | Research | Fletching |
| 14:34 | Research | Fletching |
| 14:35 | Research | Fletching |
| 14:48 | Queue | Archer |
| 14:56 | Build | Palisade Wall |
| 15:03 | Queue | Villager (Male) |
| 15:08 | Queue | Archer |
| 15:15 | Queue | Villager (Male) |
| 15:28 | Build | Market |
| 15:42 | Queue | Villager (Male) |
| 16:04 | Queue | Villager (Male) |
| 16:05 | Queue | Archer |
| 16:11 | Build | Farm |
| 16:14 | Build | Farm |
| 16:50 | Queue | Archer |
| 17:00 | Build | House |
| 17:01 | Queue | Villager (Male) |
| 17:19 | Queue | Villager (Male) |
| 17:28 | Build | Stable |
| 17:58 | Build | Farm |
| 18:04 | Research | Castle Age |
| 18:04 | Research | Castle Age |
| 18:04 | Research | Castle Age |
| 18:04 | Research | Castle Age |
| 18:06 | Build | House |
| 18:07 | Queue | Archer |
| 18:07 | Queue | Archer |
| 18:23 | Build | House |
| 18:43 | Research | Horse Collar |
| 18:43 | Research | Horse Collar |
| 18:43 | Research | Horse Collar |
| 18:43 | Queue | Scout Cavalry |
| 18:44 | Queue | Scout Cavalry |
| 19:01 | Queue | Scout Cavalry |
| 19:06 | Queue | Archer |
| 19:20 | Queue | Archer |
| 19:52 | Build | Farm |
| 20:15 | Build | Stable |
| 20:18 | Build | House |
| 20:44 | Build | House |
| 20:44 | Age | Castle Age |
| 20:46 | Build | Palisade Wall |
| 20:49 | Research | Crossbowman (upgrade) |
| 20:49 | Research | Bodkin Arrow |
| 20:50 | Research | Bodkin Arrow |
| 20:53 | Queue | Villager (Male) |
| 20:53 | Queue | Villager (Male) |
| 20:57 | Build | Town Center |
| 21:13 | Queue | Knight |
| 21:17 | Queue | Knight |
| 21:35 | Queue | Knight |
| 21:46 | Build | Farm |
| 21:48 | Build | Farm |
| 21:54 | Queue | Villager (Male) |
| 22:10 | Queue | Villager (Male) |
| 22:12 | Build | Farm |
| 22:13 | Build | Farm |
| 22:16 | Research | Bow Saw |
| 22:16 | Research | Bow Saw |
| 22:16 | Research | Bow Saw |
| 22:16 | Research | Bow Saw |
| 22:19 | Queue | Villager (Male) |
Match timeline
| 4:08 | Nobody · wall_segment Palisade Wall x9 |
| 4:33 | _TieuQuy · first_building Barracks |
| 5:04 | Nobody · wall_segment Palisade Wall x1 |
| 6:54 | Nobody · wall_segment Palisade Wall x4 |
| 7:24 | Nobody · wall_segment Palisade Wall x7 |
| 8:07 | Nobody · first_building Barracks |
| 9:16 | Nobody · age_up feudal |
| 9:28 | Nobody · first_building Archery Range |
| 10:10 | _TieuQuy · age_up feudal |
| 10:16 | Nobody · wall_segment Palisade Wall x1 |
| 10:17 | Nobody · wall_segment Palisade Wall x1 |
| 10:56 | Nobody · wall_segment Palisade Wall x1 |
| 13:00 | _TieuQuy · wall_segment Palisade Wall x15 |
| 13:34 | _TieuQuy · first_building Archery Range |
| 14:01 | _TieuQuy · wall_segment Palisade Wall x3 |
| 14:02 | _TieuQuy · wall_segment Palisade Wall x11 |
| 14:45 | _TieuQuy · wall_segment Palisade Wall x7 |
| 14:56 | Nobody · wall_segment Palisade Wall x1 |
| 15:00 | _TieuQuy · wall_segment Palisade Wall x6 |
| 16:52 | Nobody · first_market_sell 500 wood |
| 16:53 | Nobody · first_market_buy 100 food |
| 17:28 | Nobody · first_building Stable |
| 20:44 | Nobody · age_up castle |
| 20:46 | Nobody · wall_segment Palisade Wall x1 |
| 22:20 | _TieuQuy · age_up castle |
| 22:36 | _TieuQuy · first_building Monastery |
| 24:12 | Nobody · first_building Monastery |
| 27:36 | Nobody · first_building Siege Workshop |
| 32:59 | Nobody · first_building Castle |
| 34:42 | _TieuQuy · first_building Castle |
| 37:05 | _TieuQuy · first_building Stable |
| 39:48 | Nobody · age_up imperial |
| 39:52 | _TieuQuy · age_up imperial |
| 40:21 | Nobody · resign |
[ AI ANALYSIS · 1 CREDIT ]
What really happened in this match?
Wolo.gg analyzes every decision: build order, eco, micro, common mistakes by bracket. Personalized analysis on WhatsApp or Discord in 30 seconds.
Civ guide
Romans
Perfil
Jugador #2593750